 Dungeon Crawl Stone Soup version 0.20-a0-1116-gaa52201 (webtiles) character file.

3602 Lochraine the Cleaver (level 9, -11/82 HPs)
             Began as a Deep Dwarf Necromancer on May 8, 2017.
             Mangled by a two-headed ogre
             ... wielding a +0 giant spiked club
              (20 damage)
             ... on level 8 of the Dungeon.
             The game lasted 00:27:02 (8605 turns).

Lochraine the Cleaver (Deep Dwarf Necromancer)      Turns: 8605, Time: 00:27:03

Health: -11/82     AC:  7    Str: 16    XL:     9   Next: 86%
Magic:  3/12       EV: 13    Int: 15    God:
Gold:   223        SH: 11    Dex: 13    Spells: 9/14 levels left

rFire    . . .     SeeInvis .   h - +1 hand axe (venom)
rCold    . . .     Gourm    .   M - +0 shield
rNeg     . . .     Faith    .   F - +0 leather armour
rPois    .         Spirit   .   k - +0 helmet
rElec    .         Reflect  +   (no cloak)
rCorr    .         Harm     .   y - +0 pair of gloves
MR       +....                  v - +0 pair of boots
Stlth    ++........             A - +3 amulet of reflection
Regen    0.0/turn               e - +4 ring of evasion
MPRegen  0.2/turn               N - ring of wizardry

@: very slightly contaminated, non-regenerating
A: damage resistance, heal wounds, sense surroundings 2, no regeneration
a: Heal Wounds


You were on level 8 of the Dungeon.
You were hungry.

You visited 2 branches of the dungeon, and saw 9 of its levels.

You collected 410 gold pieces.
You spent 187 gold pieces at shops.

Inventory:

Hand Weapons
 h - a +1 hand axe of venom (weapon)
 E - a +1 antimagic war axe
 G - a +3 hand axe of freezing
 J - the +4 whip of Icwat {chaos, MR+ Str+3 Int-2 Dex+2}
   (You bought it in a shop on level 6 of the Dungeon)

   Each time it hits an enemy it has a different, random effect.
   It affects your strength (+3).
   It affects your intelligence (-2).
   It affects your dexterity (+2).
   It affects your resistance to hostile enchantments.
Armour
 g - a +0 plate armour
 k - a +0 helmet (worn)
 v - a +0 pair of boots (worn)
 y - a +0 pair of gloves (worn)
 F - a +0 leather armour (worn)
 M - a +0 shield (worn)
Jewellery
 e - a +4 ring of evasion (left hand)
 l - an uncursed ring of see invisible
 m - a +1 ring of protection
 p - a +6 ring of strength
 q - an uncursed ring of flight
 x - an uncursed ring of flight
 A - a +3 amulet of reflection (around neck)
 N - a ring of wizardry (right hand)
Wands
 C - a wand of paralysis (0/24)
 I - a wand of lightning (0/15)
Scrolls
 j - a scroll of teleportation
 o - 4 scrolls of remove curse
 s - 3 scrolls of identify
 t - 3 scrolls of recharging
 B - a scroll of fear
 L - a scroll of amnesia
Potions
 d - a potion of cancellation {unknown}
 f - a potion of ambrosia {unknown}
 i - a potion of might
 r - 4 potions of agility {unknown}
 u - 4 potions of curing
 w - a potion of resistance {unknown}
 D - 2 potions of degeneration {unknown}
 H - a potion of flight {unknown}
Books
 b - a book of Necromancy

   Spells                             Type                      Level
   a - Pain                           Necromancy                   1
   b - Animate Skeleton               Necromancy                   1
   c - Vampiric Draining              Necromancy                   3
   d - Regeneration                   Charms/Necromancy            3
   e - Animate Dead                   Necromancy                   4
   f - Control Undead                 Necromancy                   4
Comestibles
 a - a meat ration
 c - 7 bread rations
 n - 5 royal jellies
 z - 6 fruits


   Skills:
 + Level 6.0 Fighting
 * Level 9.5 Axes
 + Level 7.3 Armour
 - Level 2.1 Dodging
 - Level 2.4 Stealth
 * Level 2.2 Shields
 - Level 3.4 Spellcasting
 - Level 6.0 Necromancy


You had 9 spell levels left.
You knew the following spells:

 Your Spells              Type           Power        Failure   Level  Hunger
a - Pain                  Necr           ###.         4%          1    None
b - Vampiric Draining     Necr           ###.......   12%         3    ###....
z - Animate Skeleton      Necr           N/A          4%          1    None


Dungeon Overview and Level Annotations

Branches:
Dungeon (8/15)             Temple (1/1) D:4
   Lair: D:8-11

Altars:
Ashenzari
Cheibriados
Dithmenos
Elyvilon
Fedhas
Gozag
Hepliaklqana
Kikubaaqudgha
Nemelex Xobeh
Okawaru
Qazlal
Ru
Sif Muna
Trog
Uskayaw
Vehumet
Wu Jian
Xom
Yredelemnul
Zin
The Shining One

Shops:
D:6 *


Innate Abilities, Weirdness & Mutations

You are resistant to damage.
You can heal yourself by infusing magical energy.
You passively map the area around you.
You do not regenerate.


Message History

Confirm with . or Enter, or press ? or * to list all spells.
Aiming: Vampiric Draining
Press: ? - help, Shift-Dir - straight line, f/p - two-headed ogre
Aim: a two-headed ogre, wielding a giant spiked club and a giant club (moderately wounded, poisoned)
You miscast Vampiric Draining.
You are very lightly contaminated with residual magic.
You sense a malignant aura.
The two-headed ogre hits you with a giant spiked club!!
* * * LOW HITPOINT WARNING * * *
The two-headed ogre hits you with a giant club!
* * * LOW HITPOINT WARNING * * *
Casting: Vampiric Draining
Confirm with . or Enter, or press ? or * to list all spells.
Aiming: Vampiric Draining
Press: ? - help, Shift-Dir - straight line, f/p - two-headed ogre
Aim: a two-headed ogre, wielding a giant spiked club and a giant club (moderately wounded, poisoned)
The two-headed ogre is heavily wounded.
You feel life coursing into your body. The two-headed ogre barely misses you.
The two-headed ogre hits you with a giant club!!
You die...

#.# , #. .#. ### * #.# ,
#.#..###.. , , ..##### #
.......### , #.....# #.*
#.#......., ..###.#
###.###.#...# * * p## #.#
#.....>.....# .####.###
#.###.###...# .##.p...#
#O# #...# *
<##.###.####.###@###...#
.#..# #p...#.........#.###
##..###.##.#######.###...#
##..(...##.# #.# ###.#
##.)..####.# #.# #.#
##..### #.# #.# #.# ##(.#
#.# #.# #.# ##..# #.# #.#
#.# ))).# #.#######.# #.#


You could see a two-headed ogre.

Vanquished Creatures
  Pikel (D:8)
  Eustachio (D:6)
  4 orc warriors
  2 ice beasts (D:6)
  2 ogres
  A phantom (D:7)
  4 centaurs
  A big kobold (D:7)
  5 bullfrogs
  A wyvern skeleton (D:8)
  A scorpion (D:6)
  5 killer bees (D:6)
  2 crimson imps (D:7)
  3 jellies
  3 hounds
  4 orc priests
  7 orc wizards
  3 iguanas
  8 worker ants
  A hound zombie (D:5)
  4 gnolls (D:3)
  9 adders
  2 worms
  3 dart slugs
  A leopard gecko (D:4)
  23 orcs
  6 giant cockroaches
  7 hobgoblins
  8 jackals
  6 kobolds
  A quokka (D:6)
  2 ball pythons
  6 bats
  8 frilled lizards
  A giant cockroach zombie (D:6)
  7 goblins
  2 jackal zombies (D:5)
  2 quokka skeletons
  8 rats
165 creatures vanquished.

Vanquished Creatures (collateral kills)
  A hippogriff (D:7)
  An adder (D:2)
  A kobold (D:2)
  A rat (D:2)
4 creatures vanquished.

Vanquished Creatures (others)
  A scorpion (D:8)
  2 orc wizards
  2 orcs (D:8)
5 creatures vanquished.

Grand Total: 174 creatures vanquished

Notes
Turn   | Place    | Note
-------+----------+-------------------------------------------
     0 | D:1      | Lochraine the Deep Dwarf Necromancer began the quest for the Orb.
     0 | D:1      | Reached XP level 1. HP: 15/15 MP: 3/3
     2 | D:1      | Noticed a demonspawn
     2 | D:1      | Noticed an elf
     4 | D:1      | Noticed a ghoul
     4 | D:1      | Noticed a naga
     6 | D:1      | Noticed a minotaur
     6 | D:1      | Noticed a human
     8 | D:1      | Noticed a vampire
    10 | D:1      | Noticed an octopode
    12 | D:1      | Noticed a troll
    12 | D:1      | Noticed a merfolk
    16 | D:1      | Noticed a centaur
    16 | D:1      | Noticed an ogre
    18 | D:1      | Noticed a draconian
    18 | D:1      | Noticed a dwarf
    20 | D:1      | Noticed a halfling
    20 | D:1      | Noticed a tengu
    22 | D:1      | Noticed a demigod
    22 | D:1      | Noticed a felid
    24 | D:1      | Noticed a spriggan
    24 | D:1      | Noticed a gargoyle
    26 | D:1      | Noticed a vine stalker
    26 | D:1      | Noticed a formicid
   518 | D:1      | Reached XP level 2. HP: 20/22 MP: 0/5
   945 | D:2      | Reached XP level 3. HP: 21/28 MP: 0/6
  1098 | D:2      | Learned a level 1 spell: Animate Skeleton
  1139 | D:2      | Reached skill level 5 in Necromancy
  1419 | D:1      | Learned a level 3 spell: Vampiric Draining
  1448 | D:2      | HP: 1/28 [dart slug/slug dart (4)]
  1557 | D:2      | Found a white marble altar of Elyvilon.
  1565 | D:2      | Reached XP level 4. HP: 15/36 MP: 1/8
  1963 | D:2      | Found a faded altar of an unknown god.
  2403 | D:3      | Reached XP level 5. HP: 20/42 MP: 1/9
  2969 | D:3      | Found a shattered altar of Ashenzari.
  3165 | D:3      | Found a blossoming altar of Fedhas.
  3459 | D:4      | Reached skill level 1 in Armour
  3477 | D:4      | Reached skill level 1 in Fighting
  3575 | D:4      | Found a stormy altar of Qazlal.
  3578 | D:4      | Found a glowing golden altar of the Shining One.
  3581 | D:4      | Found an iron altar of Okawaru.
  3690 | D:4      | Found a staircase to the Ecumenical Temple.
  3698 | Temple   | Entered the Ecumenical Temple
  4075 | D:4      | Found a blossoming altar of Fedhas.
  4232 | D:5      | Entered Level 5 of the Dungeon
  4235 | D:5      | Reached XP level 6. HP: 24/52 MP: 7/11
  4470 | D:5      | Found a basalt altar of Yredelemnul.
  4873 | D:5      | Reached skill level 1 in Axes
  5045 | D:6      | Reached skill level 2 in Axes
  5045 | D:6      | Reached XP level 7. HP: 54/61 MP: 9/12
  5073 | D:6      | Noticed Eustachio
  5078 | D:6      | Found Veac's Assorted Antiques.
  5125 | D:6      | Killed Eustachio
  5125 | D:6      | Reached skill level 3 in Axes
  5150 | D:6      | Bought a faintly glowing whip for 187 gold pieces
  5151 | D:6      | Identified the +4 whip of Icwat {chaos, MR+ Str+3 Int-2 Dex+2} (You bought it in a shop on level 6 of the Dungeon)
  5337 | D:6      | Reached skill level 4 in Axes
  5537 | D:6      | Reached XP level 8. HP: 72/72 MP: 13/13
  5553 | D:6      | Found a deep blue altar of Sif Muna.
  5592 | D:6      | Reached skill level 5 in Axes
  5633 | D:6      | Reached skill level 5 in Armour
  6103 | D:6      | Reached skill level 6 in Axes
  6620 | D:7      | Reached skill level 7 in Axes
  6846 | D:7      | Found a shimmering altar of Xom.
  6882 | D:7      | Reached skill level 5 in Fighting
  6909 | D:7      | Gained mutation: You passively map the area around you. [Deep Dwarf growth]
  6909 | D:7      | Reached XP level 9. HP: 25/81 MP: 2/13
  7508 | D:7      | Reached skill level 8 in Axes
  8272 | D:8      | Noticed a two-headed ogre
  8306 | D:8      | Noticed Pikel
  8324 | D:8      | Killed Pikel
  8324 | D:8      | Reached skill level 9 in Axes
  8324 | D:8      | Reached skill level 1 in Shields
  8605 | D:8      | Mangled by a two-headed ogre

Vault maps used:
D:1:      kb_arrival_jail
D:2:      chequers_ecumenical_altar_simple_redux, grunt_ministairs_9,
          elyvilon_altar_5
D:3:      marbit_many_paths, fedhas_altar_fruit_tree
D:4:      lemuel_doored_altar, grunt_temple_overflow_diamond,
          minmay_temple_entry_trees, first_bread
D:5:      yredelemnul_altar_generic
D:6:      nicolae_overflow_crystal_walls, serial_shops, shop, uniq_eustachio
D:7:      kennysheep_mini
D:8:      lemuel_round_altar, uniq_pikel
Temple:   nicolae_temple_figure_eight

Skill      XL: |  1  2  3  4  5  6  7  8  9 |
---------------+----------------------------+-----
Spellcasting   | 2 3 |  3.4
Necromancy     | 5 6 |  6.0
Armour         | 1 3 4 5 7 |  7.3
Fighting       | 1 2 3 5 6 |  6.0
Axes           | 2 4 7 9 |  9.5
Shields        | 2 |  2.2
Dodging        | |  2.1
Stealth        | |  2.4

Action                   |  1- 3 |  4- 6 |  7- 9 || total
-------------------------+-------+-------+-------++-------
Melee: Unarmed           |    79 |     4 |       ||    83
       Spear             |       |   133 |       ||   133
       Dagger            |       |    52 |       ||    52
       Hand axe          |       |    32 |   228 ||   260
       Whip              |       |       |    99 ||    99
 Cast: Pain              |    42 |    13 |     8 ||    63
       Vampiric Draining |     5 |    29 |    53 ||    87
       Animate Skeleton  |     3 |     9 |     9 ||    21
 Abil: Heal Wounds       |       |       |     4 ||     4
Evoke: Wand              |       |       |     6 ||     6
  Use: Potion            |     2 |     1 |     3 ||     6
       Scroll            |     1 |     8 |     6 ||    15
 Stab: Sleeping          |       |     9 |       ||     9
       Confused          |       |       |     1 ||     1
       Paralysed         |       |       |     7 ||     7
       Distracted        |       |       |     1 ||     1
  Eat: Chunk             |     3 |    14 |    10 ||    27
       Fruit             |       |       |     1 ||     1
       Meat ration       |       |       |     1 ||     1
       Royal jelly       |       |       |     1 ||     1
Armor: Robe              |    30 |     9 |       ||    39
       Skin              |     5 |       |    70 ||    75
       Plate armour      |       |    53 |    67 ||   120
       Leather armour    |       |     9 |    29 ||    38
Dodge: Dodged            |    65 |   125 |   190 ||   380
Block: Other             |       |     5 |    36 ||    41
       Reflection        |       |       |     4 ||     4
       Shield            |       |       |    33 ||    33
